3327 views
Uploaded 2020-05-21 20:49:11
Game version 1.32.4 / 1.32.5
19:58 long 2on2 ladder game on (4)PhantomGrove_LV
Saved by SpaceCptNav
3327 views
Uploaded 2020-05-21 20:49:11
Game version 1.32.4 / 1.32.5
19:58 long 2on2 ladder game on (4)PhantomGrove_LV


71 units @ 11k
/ 1.4k
32 buildings @ 4.3k
/ 1.8k


| Scroll of Regeneration | 1 | 100 |
| Lesser Clarity Potion | 2 | 140 |
| Potion of Healing | 2 | 300 |
| total: | 5 | 540g |
| Peasant | 16 | 1200 | / | 0 |
| Footman | 6 | 810 | / | 0 |
| Rifleman | 11 | 2255 | / | 330 |
| Sorceress | 4 | 620 | / | 80 |
| Priest | 4 | 540 | / | 40 |
| Spell Breaker | 7 | 1505 | / | 210 |
| Mortar Team | 2 | 360 | / | 140 |
| total: | 50 | 7290g | / | 800w |
| Scout Tower | 1 | 30 | / | 20 |
| Arcane Tower | 1 | 70 | / | 50 |
| Farm | 10 | 800 | / | 200 |
| Altar of Kings | 1 | 180 | / | 50 |
| Barracks | 1 | 160 | / | 60 |
| Blacksmith | 1 | 140 | / | 60 |
| Arcane Vault | 2 | 260 | / | 60 |
| Town Hall | 1 | 385 | / | 205 |
| Arcane Sanctum | 2 | 300 | / | 280 |
| Workshop | 1 | 140 | / | 140 |
| Keep | 1 | 320 | / | 210 |
| total: | 20 | 2395g | / | 1075w |
| 0:03 | Peasant |
| 0:03 | Peasant |
| 0:04 | Farm |
| 0:08 | Altar of Kings |
| 0:19 | Barracks |
| 0:26 | Peasant |
| 0:35 | Peasant |
| 0:48 | Farm |
| 1:06 | Peasant |
| 1:13 | Peasant |
| 1:19 | Footman |
| 1:29 | Peasant |
| 1:42 | Footman |
| 1:50 | Peasant |
| 2:00 | Footman |
| 2:05 | Summon Water Elemental |
| 2:22 | Footman |
| 2:31 | Defend |
| 2:32 | Keep |
| 2:40 | Farm |
| 2:41 | Farm |
| 2:44 | Brilliance Aura |
| 3:03 | Scout Tower |
| 3:11 | Farm |
| 3:16 | Footman |
| 3:42 | Arcane Tower |
| 3:43 | Farm |
| 3:47 | Footman |
| 4:05 | Blacksmith |
| 4:33 | Arcane Vault |
| 4:56 | Peasant |
| 4:56 | Peasant |
| 5:19 | Rifleman |
| 5:44 | Arcane Sanctum |
| 5:51 | Storm Bolt |
| 6:04 | Rifleman |
| 6:19 | Scroll of Regeneration |
| 6:19 | Lesser Clarity Potion |
| 6:23 | Farm |
| 6:34 | Rifleman |
| 6:50 | Arcane Vault |
| 7:07 | Sorceress |
| 7:14 | Long Rifles |
| 7:34 | Priest |
| 7:51 | Farm |
| 8:12 | Rifleman |
| 8:13 | Sorceress |
| 8:26 | Arcane Sanctum |
| 9:06 | Summon Water Elemental |
| 9:32 | Rifleman |
| 9:33 | Spell Breaker |
| 9:46 | Priest Adept Training |
| 9:57 | Farm |
| 9:59 | Farm |
| 10:58 | Spell Breaker |
| 11:24 | Rifleman |
| 11:32 | Bash |
| 11:55 | Sorceress |
| 11:56 | Priest |
| 11:56 | Rifleman |
| 13:13 | Town Hall |
| 13:36 | Priest |
| 13:38 | Rifleman |
| 14:23 | Rifleman |
| 14:26 | Lesser Clarity Potion |
| 14:49 | Peasant |
| 14:49 | Peasant |
| 15:01 | Spell Breaker |
| 15:29 | Rifleman |
| 15:29 | Spell Breaker |
| 15:53 | Workshop |
| 16:32 | Peasant |
| 16:33 | Peasant |
| 16:33 | Peasant |
| 16:53 | Sorceress |
| 16:59 | Mortar Team |
| 17:22 | Brilliance Aura |
| 17:29 | Mortar Team |
| 17:46 | Priest |
| 17:47 | Spell Breaker |
| 18:31 | Peasant |
| 18:34 | Rifleman |
| 19:02 | Spell Breaker |
| 19:18 | Spell Breaker |
| 19:39 | Potion of Healing |
| 19:48 | Potion of Healing |
| Select group | 1419 |
| Right click | 1418 |
| Select | 454 |
| Assign group | 232 |
| Build/train/purchase | 122 |
| Use ability | 25 |
| Misc. action | 22 |
| Chat | 11 |
| Esc | 8 |
| Resource trade | 5 |
| Item give/drop | 3 |
| Minimap ping | 1 |


| Rod of Necromancy | 2 | 300 |
| Orb of Corruption | 1 | 375 |
| Potion of Healing | 2 | 300 |
| Dust of Appearance | 2 | 150 |
| Scroll of Town Portal | 3 | 1050 |
| total: | 10 | 2175g |
| Acolyte | 3 | 225 | / | 0 |
| Ghoul | 3 | 360 | / | 0 |
| Crypt Fiend | 5 | 1075 | / | 200 |
| Obsidian Statue | 8 | 1600 | / | 280 |
| Abomination | 2 | 480 | / | 140 |
| total: | 21 | 3740g | / | 620w |
| Nerubian Tower | 1 | 100 | / | 20 |
| Graveyard | 1 | 215 | / | 0 |
| Crypt | 1 | 200 | / | 50 |
| Altar of Darkness | 1 | 180 | / | 50 |
| Ziggurat | 6 | 900 | / | 300 |
| Tomb of Relics | 1 | 130 | / | 30 |
| Slaughterhouse | 2 | 280 | / | 270 |
| Halls of the Dead | 1 | 320 | / | 210 |
| Black Citadel | 1 | 325 | / | 230 |
| total: | 12 | 1905g | / | 700w |
| 0:05 | Acolyte |
| 0:10 | Graveyard |
| 0:13 | Crypt |
| 0:19 | Acolyte |
| 0:56 | Altar of Darkness |
| 1:00 | Ziggurat |
| 1:15 | Ghoul |
| 1:25 | Tomb of Relics |
| 1:54 | Cannibalize |
| 1:54 | Crypt Fiend |
| 2:01 | Ziggurat |
| 2:24 | Crypt Fiend |
| 2:35 | Nerubian Tower |
| 3:03 | Death Coil |
| 3:04 | Rod of Necromancy |
| 3:05 | Dust of Appearance |
| 3:12 | Acolyte |
| 3:13 | Ghoul |
| 3:26 | Ghoul |
| 3:35 | Backpack |
| 4:01 | Halls of the Dead |
| 4:30 | Ziggurat |
| 4:40 | Crypt Fiend |
| 5:00 | Crypt Fiend |
| 5:36 | Creature Attack |
| 5:40 | Ziggurat |
| 5:46 | Unholy Aura |
| 6:04 | Rod of Necromancy |
| 6:23 | Black Citadel |
| 6:26 | Burrow |
| 6:57 | Slaughterhouse |
| 7:04 | Slaughterhouse |
| 7:55 | Death Coil |
| 8:06 | Obsidian Statue |
| 8:15 | Obsidian Statue |
| 8:40 | Frost Nova |
| 8:48 | Destroyer Form |
| 8:59 | Orb of Corruption |
| 9:26 | Scroll of Town Portal |
| 9:42 | Obsidian Statue |
| 10:09 | Abomination |
| 10:15 | Disease Cloud |
| 11:49 | Obsidian Statue |
| 12:00 | Ziggurat |
| 12:04 | Unholy Armor |
| 13:25 | Unholy Aura |
| 13:41 | Abomination |
| 14:20 | Scroll of Town Portal |
| 14:21 | Dust of Appearance |
| 14:23 | Obsidian Statue |
| 14:24 | Obsidian Statue |
| 14:41 | Crypt Fiend |
| 14:52 | Dark Ritual |
| 15:03 | Obsidian Statue |
| 15:47 | Potion of Healing |
| 16:08 | Ziggurat |
| 16:50 | Web |
| 17:35 | Scroll of Town Portal |
| 18:25 | Obsidian Statue |
| 19:19 | Potion of Healing |
| Right click | 1002 |
| Select | 363 |
| Build/train/purchase | 80 |
| Use ability | 61 |
| Select group | 58 |
| Assign group | 17 |
| Minimap ping | 15 |
| Item give/drop | 4 |
| Misc. action | 1 |
| Remove unit | 1 |
76 units @ 10.1k
/ 1.7k
28 buildings @ 4.8k
/ 1.8k
NICKTHEBOT
(11)
(19:57) : 

| Staff of Preservation | 1 | 150 |
| Orb of Venom | 2 | 650 |
| Scroll of Healing | 3 | 750 |
| Scroll of Town Portal | 2 | 700 |
| Boots of Speed | 1 | 250 |
| Staff of Teleportation | 1 | 150 |
| Potion of Lesser Invulnerability | 3 | 450 |
| total: | 13 | 3100g |
| Wisp | 25 | 1500 | / | 0 |
| Archer | 4 | 520 | / | 40 |
| Dryad | 12 | 1740 | / | 720 |
| Druid of the Claw | 8 | 2040 | / | 640 |
| total: | 49 | 5800g | / | 1400w |
| Ancient Protector | 1 | 135 | / | 80 |
| Altar of Elders | 1 | 180 | / | 50 |
| Moon Well | 7 | 1260 | / | 280 |
| Ancient of War | 1 | 150 | / | 60 |
| Tree of Life | 1 | 340 | / | 185 |
| Hunter's Hall | 1 | 210 | / | 100 |
| Ancient of Wonders | 1 | 90 | / | 30 |
| Ancient of Lore | 2 | 310 | / | 290 |
| Tree of Ages | 1 | 320 | / | 180 |
| Tree of Eternity | 1 | 330 | / | 200 |
| total: | 15 | 2675g | / | 1075w |
| 0:03 | Altar of Elders |
| 0:05 | Wisp |
| 0:05 | Wisp |
| 0:06 | Wisp |
| 0:21 | Moon Well |
| 0:36 | Wisp |
| 0:52 | Ancient of War |
| 0:53 | Wisp |
| 0:56 | Wisp |
| 1:04 | Wisp |
| 1:12 | Wisp |
| 1:34 | Moon Well |
| 1:49 | Wisp |
| 1:57 | Archer |
| 1:57 | Archer |
| 2:00 | Wisp |
| 2:23 | Moon Well |
| 2:34 | Wisp |
| 2:54 | Moon Well |
| 3:06 | Mana Burn |
| 3:18 | Tree of Ages |
| 3:44 | Archer |
| 3:48 | Tree of Life |
| 4:25 | Archer |
| 4:37 | Hunter's Hall |
| 4:51 | Boots of Speed |
| 4:51 | Staff of Teleportation |
| 5:47 | Wisp |
| 5:54 | Frost Arrows |
| 6:01 | Ancient of Lore |
| 6:18 | Ancient of Lore |
| 6:20 | Wisp |
| 6:20 | Wisp |
| 6:26 | Ancient of Wonders |
| 6:53 | Wisp |
| 6:53 | Wisp |
| 6:53 | Wisp |
| 6:53 | Wisp |
| 7:25 | Dryad |
| 7:31 | Wisp |
| 7:34 | Abolish Magic |
| 7:47 | Dryad |
| 7:57 | Evasion |
| 8:01 | Staff of Preservation |
| 8:43 | Wisp |
| 8:45 | Dryad |
| 8:48 | Forked Lightning |
| 9:10 | Dryad |
| 9:14 | Tree of Eternity |
| 9:15 | Strength of the Wild |
| 9:22 | Moon Well |
| 9:25 | Wisp |
| 10:09 | Reinforced Hides |
| 10:16 | Potion of Lesser Invulnerability |
| 10:16 | Scroll of Healing |
| 10:21 | Dryad |
| 10:23 | Moon Well |
| 10:57 | Dryad |
| 11:13 | Dryad |
| 11:43 | Dryad |
| 11:44 | Wisp |
| 11:44 | Wisp |
| 11:46 | Forked Lightning |
| 12:10 | Orb of Venom |
| 12:11 | Orb of Venom |
| 12:21 | Dryad |
| 12:43 | Mana Burn |
| 13:11 | Dryad |
| 13:36 | Dryad |
| 13:50 | Druid of the Claw Adept Training |
| 13:53 | Wisp |
| 13:53 | Wisp |
| 14:22 | Scroll of Healing |
| 14:22 | Scroll of Healing |
| 14:24 | Potion of Lesser Invulnerability |
| 14:33 | Scroll of Town Portal |
| 14:33 | Scroll of Town Portal |
| 14:44 | Druid of the Claw Master Training |
| 14:59 | Dryad |
| 15:04 | Improved Strength of the Wild |
| 15:30 | Druid of the Claw |
| 15:49 | Druid of the Claw |
| 15:55 | Moon Well |
| 16:06 | Frost Arrows |
| 16:11 | Druid of the Claw |
| 16:11 | Druid of the Claw |
| 16:50 | Evasion |
| 16:59 | Druid of the Claw |
| 17:09 | Potion of Lesser Invulnerability |
| 17:25 | Ancient Protector |
| 18:14 | Druid of the Claw |
| 18:38 | Druid of the Claw |
| 18:55 | Druid of the Claw |
| 19:53 | Frost Arrows |
| 19:55 | Evasion |
| Right click | 1382 |
| Select group | 1099 |
| Select | 665 |
| Chat | 312 |
| Build/train/purchase | 147 |
| Misc. action | 95 |
| Use ability | 68 |
| Assign group | 47 |
| Resource trade | 10 |
| Esc | 9 |
| Item give/drop | 6 |
| Minimap ping | 5 |



| Healing Salve | 6 | 600 |
| Scroll of Speed | 2 | 100 |
| Lesser Clarity Potion | 3 | 210 |
| Orb of Lightning | 1 | 375 |
| Scroll of Healing | 5 | 1250 |
| Boots of Speed | 2 | 500 |
| Scroll of Protection | 2 | 300 |
| Potion of Lesser Invulnerability | 1 | 150 |
| total: | 22 | 3485g |
| Peon | 8 | 600 | / | 0 |
| Grunt | 10 | 2000 | / | 0 |
| Raider | 3 | 540 | / | 120 |
| Spirit Walker | 3 | 585 | / | 105 |
| Troll Headhunter | 1 | 140 | / | 20 |
| Kodo Beast | 1 | 255 | / | 60 |
| Troll Berserker | 1 | 140 | / | 20 |
| total: | 27 | 4260g | / | 325w |
| Altar of Storms | 1 | 180 | / | 50 |
| Orc Burrow | 7 | 1120 | / | 280 |
| Barracks | 1 | 180 | / | 50 |
| Voodoo Lounge | 1 | 130 | / | 30 |
| War Mill | 1 | 205 | / | 0 |
| Beastiary | 1 | 145 | / | 140 |
| Tauren Totem | 1 | 135 | / | 155 |
| Stronghold | 1 | 315 | / | 190 |
| Fortress | 2 | 650 | / | 380 |
| total: | 13 | 2095g | / | 705w |
| 0:02 | Peon |
| 0:02 | Peon |
| 0:06 | Altar of Storms |
| 0:08 | Orc Burrow |
| 0:19 | Peon |
| 0:34 | Barracks |
| 0:43 | Peon |
| 1:00 | Peon |
| 1:19 | Peon |
| 1:28 | Orc Burrow |
| 1:32 | Peon |
| 1:38 | Grunt |
| 1:55 | Voodoo Lounge |
| 2:00 | Peon |
| 2:07 | Wind Walk |
| 2:23 | Grunt |
| 2:49 | Stronghold |
| 2:59 | Healing Salve |
| 2:59 | Healing Salve |
| 2:59 | Healing Salve |
| 3:21 | Grunt |
| 3:30 | Orc Burrow |
| 3:40 | Critical Strike |
| 3:54 | Scroll of Speed |
| 3:54 | Lesser Clarity Potion |
| 4:26 | Grunt |
| 5:19 | Beastiary |
| 5:38 | Fortress |
| 6:18 | Tauren Totem |
| 6:23 | Raider |
| 6:33 | Healing Wave |
| 6:36 | Grunt |
| 6:45 | Boots of Speed |
| 6:53 | Ensnare |
| 7:05 | Orc Burrow |
| 7:25 | Scroll of Healing |
| 7:38 | Spirit Walker |
| 8:14 | Wind Walk |
| 8:23 | Grunt |
| 8:40 | War Mill |
| 8:43 | Berserker Strength |
| 9:01 | Hex |
| 9:16 | Scroll of Healing |
| 9:17 | Scroll of Protection |
| 9:17 | Boots of Speed |
| 9:37 | Orb of Lightning |
| 9:43 | Healing Salve |
| 9:57 | Orc Burrow |
| 10:07 | Endurance Aura |
| 10:10 | Troll Headhunter |
| 10:11 | Berserker Upgrade |
| 10:22 | Steel Armor |
| 11:06 | Raider |
| 11:07 | Grunt |
| 11:32 | Spirit Walker |
| 11:46 | Kodo Beast |
| 11:51 | Lesser Clarity Potion |
| 11:58 | Healing Salve |
| 12:05 | Lesser Clarity Potion |
| 12:07 | Scroll of Speed |
| 12:17 | Healing Salve |
| 12:33 | Steel Melee Weapons |
| 13:15 | Healing Wave |
| 13:29 | War Drums Damage Increase |
| 13:39 | Critical Strike |
| 13:58 | Spirit Walker Adept Training |
| 14:05 | War Stomp |
| 14:13 | Scroll of Healing |
| 14:21 | Scroll of Healing |
| 14:22 | Scroll of Protection |
| 14:22 | Potion of Lesser Invulnerability |
| 14:27 | Pillage |
| 14:53 | Thorium Armor |
| 14:54 | Thorium Melee Weapons |
| 16:10 | Endurance Aura |
| 16:15 | Arcanite Armor |
| 16:18 | Orc Burrow |
| 16:19 | Orc Burrow |
| 16:24 | Raider |
| 16:24 | Spirit Walker |
| 16:29 | Grunt |
| 16:32 | Troll Berserker |
| 16:34 | Grunt |
| 17:06 | Scroll of Healing |
| 18:33 | Hex |
| 19:08 | Wind Walk |
| 19:17 | Grunt |
| 19:56 | War Stomp |
| Select group | 2448 |
| Right click | 1970 |
| Select | 567 |
| Assign group | 247 |
| Chat | 197 |
| Build/train/purchase | 149 |
| Use ability | 65 |
| Misc. action | 62 |
| Minimap ping | 13 |
| Item give/drop | 9 |
| Esc | 5 |
โ